Match 46199230
Unlisted

Match 46199230
End
Selects Airborne Battlegroup
Selects Heavy Machine Gun Paradrop
Heavy Machine Gun Paradrop
Scout Squad
Construct Barracks
1⁄4-ton 4x4 Truck
Riflemen Squad
Riflemen Squad
Construct Medical Station
Infantry Support Center
Selects Paratrooper Squad Paradrop
Paratrooper Squad Paradrop
Construct Motor Pool
M8 Greyhound Armored Car
Selects Smoke Bombing Run
Selects Paradrop Reinforcements
Paradrop Reinforcements
Engineer Squad
Selects Dual P-47 Rocket Strike
Construct Tank Depot
M4A1 Sherman Medium Tank
Paratrooper Squad Paradrop
Selects Anti-tank Gun Team Paradrop
M4(105) Sherman Bulldozer
M18 Hellcat Tank Destroyer
M18 Hellcat Tank Destroyer
stmodst
MasterStef
0
0

Comments sign in to comment!

No comments posted yet!